cohdb
Replays
Latest Replays
All Replays
Popular Replays
Top Player Replays
Match Explorer
How It Works
Community
CoH3 Stats
Reddit
Sign in to upload your games and track your stats! →
Sign in with Steam
Match 46362841
Unlisted
Match 46362841
Overview
Messages
Build Orders
End
Selects Australian Defense Battlegroup
Selects Australian Light Infantry Section
Australian Light Infantry Section
Vickers Machine Gun Team
Australian Light Infantry Section
Construct Section Command Post
Construct Platoon Command Post
Humber Armored Car
Construct Field Infirmary
Vickers Machine Gun Team
Selects 2-pounder Anti-tank Gun Team
2-pounder Anti-tank Gun Team
Selects CMP 15cwt Supply Run
Selects Reinforced Resource Caches
6-pounder Anti-tank Gun Team
Infantry Section
Submarine
PUNCHDRUNK
CAuMOH
✠Kaiser✠ tushkan
0
0
Comments
sign in to comment!
No comments posted yet!